 Dungeon Crawl Stone Soup version 0.27-a0-1188-g73eefd5def (webtiles) character file.

Game seed: 11366038906313600786

107 porpoise the Skirmisher (level 4, 0/38 HPs)
             Began as a Demonspawn Fighter on May 21, 2021.
             Succumbed to a kobold's poison
             ... on level 3 of the Dungeon.
             The game lasted 00:03:31 (2367 turns).

porpoise the Skirmisher (Demonspawn Fighter)        Turns: 2367, Time: 00:03:31

Health: 0/38       AC:  6    Str: 18    XL:     4   Next: 57%
Magic:  4/4        EV:  7    Int:  9    God:
Gold:   75         SH: 13    Dex: 18    Spells: 3/3 levels left

rFire    . . .     SeeInvis .   a - +0 trident
rCold    . . .     Faith    .   c - +0 kite shield
rNeg     . . .     Spirit   .   b - +0 scale mail
rPois    .         Reflect  .   (helmet restricted)
rElec    .         Harm     .   (no cloak)
rCorr    .         Rampage  .   (no gloves)
Will     .....                  (no boots)
Stlth    ..........             (no amulet)
HPRegen  0.12/turn              f - +6 ring of dexterity
MPRegen  0.09/turn              (no ring)

@: mighty, lethally poisoned (0 -> -27)
A: horns 1, large bone plates 1
a: no special abilities


You were on level 3 of the Dungeon.
You visited 1 branch of the dungeon, and saw 3 of its levels.

You collected 75 gold pieces.

Inventory:

Hand Weapons
 a - a +0 trident (weapon)
Missiles
 e - 72 stones (quivered)
 h - 10 poisoned darts
 k - 16 arrows
Armour
 b - a +0 scale mail (worn)
 c - a +0 kite shield (worn)
Jewellery
 f - a +6 ring of dexterity (left hand)
 j - a +4 ring of protection
Potions
 g - a potion of heal wounds {unknown}
 i - 2 potions of invisibility {unknown}
 l - a potion of curing {unknown}


   Skills:
 + Level 4.3 Fighting
 + Level 3.3 Polearms
 - Level 2.7 Armour
 - Level 2.7 Shields


You had 3 spell levels left.
You didn't know any spells.
Your spell library contained the following spells:

 Spells                   Type           Power      Damage    Failure   Level
 Freeze                   Ice            0%         1d3       99%         1
 Frozen Ramparts          Ice            0%         1d2       100%        3
 Ozocubu's Armour         Ice            0%         N/A       100%        3
 Hailstorm                Conj/Ice       0%         3d3       100%        4
 Metabolic Englaciation   Hex/Ice        0%         N/A       100%        5


Dungeon Overview and Level Annotations

Branches:
Dungeon (3/15)

Altars:


Innate Abilities, Weirdness & Mutations

You have a pair of small horns on your head.
You are partially covered in large bone plates. (SH +4)


Message History

The orc wizard flickers and vanishes!
Deactivating autopickup; reactivate with Ctrl-A.
You puncture the orc!
You kill the orc!
You feel sick.
You are no longer poisoned.
Something you can't see is in the way.
You puncture something! Your headbutt misses something.
You block something's attack. Something hits you but does no damage.
You reach to attack!
You barely miss the kobold. You block something's attack.
You reach to attack!
You hit the kobold.
The kobold is severely wounded.
You hear some strange, mumbled words.
A magic dart appears from out of thin air!
The magic dart hits you! You block something's attack.
You miss something. You headbutt something! You block something's attack.
You hit something.
Reactivating autopickup.
You feel a bit more experienced.
You puncture the rat!
You kill the rat!
The ball python closely misses you. You block the ball python's attack.
You puncture the ball python!
You kill the ball python!
You hit the kobold but do no damage.
The kobold is severely wounded.
The kobold hits you with a +4 dagger of venom.
You are poisoned.
You closely miss the kobold.
The kobold is severely wounded.
You feel very sick.
The kobold hits you with a +4 dagger of venom.
* * * LOW HITPOINT WARNING * * *
You are lethally poisoned!
The kobold hits you with a +4 dagger of venom.
* * * LOW HITPOINT WARNING * * *
You are more poisoned.
You closely miss the kobold. You headbutt the kobold.
You kill the kobold!
You die...

.... . ..... ..
.. ..### ... #.#
... ..(. #.#.#..
.r...
#.#.#.##S.K...
#.#....o.o..#
#.###.#...#.#
###
#.@)..#.......
..#
####..#.#.#.##
#.#
.######..#...#
.. #^#
.........### # #
#.########
########.#######
..#......#
#...........
###.####.#
#.#.#########
#.# #.# #
#.#.......# #.#
#.# #.#.......#


There were no monsters in sight!

Vanquished Creatures
  An orc wizard (D:3)
  3 adders
  6 orcs (D:3)
  3 ball pythons
  2 endoplasms
  2 giant cockroaches
  5 goblins
  4 hobgoblins
  4 jackals (D:2)
  3 kobolds
  2 quokkas
  3 bats
  4 frilled lizards
  4 rats
46 creatures vanquished.

Notes
Turn   | Place    | Note
-------+----------+-------------------------------------------
     0 | D:1      | porpoise the Demonspawn Fighter began the quest for the
                  | Orb.
     0 | D:1      | Reached XP level 1. HP: 18/18 MP: 1/1
   604 | D:1      | Gained mutation: You have a pair of small horns on your
                  | head. [demonic ancestry]
   604 | D:1      | Reached XP level 2. HP: 21/24 MP: 2/2
   666 | D:1      | Found a faded altar of an unknown god.
  1309 | D:2      | Reached XP level 3. HP: 24/29 MP: 3/3
  1886 | D:3      | Reached skill level 4 in Fighting
  2114 | D:3      | Gained mutation: You are partially covered in large bone
                  | plates. (SH +4) [demonic ancestry]
  2114 | D:3      | Reached XP level 4. HP: 37/37 MP: 4/4
  2367 | D:3      | Succumbed to a kobold's poison

Illustrated notes

Levels and vault maps discovered:
D:1:      mrwooster_arrival_arrow, layout_basic,
          hellmonk_ecumenical_altar_run_dry, solitary_fountain,
          minmay_small_reverse_x
D:2:      layout_loops_ring
D:3:      layout_basic

Skill      XL: |  1  2  3 |
---------------+----------+-----
Polearms       | 2 3 |  3.3
Fighting       | 4 |  4.3
Armour         | |  2.7
Shields        | |  2.7

Action                   |  1- 3 |  4- 6 || total
-------------------------+-------+-------++-------
Melee: Trident           |   116 |    27 ||   143
       Headbutt          |    17 |     4 ||    21
  Use: Potion            |       |     1 ||     1
Armor: Scale mail        |    41 |     1 ||    42
Dodge: Dodged            |    28 |     4 ||    32
Block: Kite shield       |    54 |    16 ||    70

Table legend: (Time is in decaauts)
 A = Elapsed time spent in this place.
 B = Non-inter-level travel time spent in this place.
 C = Inter-level travel time spent in this place.
 D = Time resting spent in this place.
 E = Time spent auto-exploring this place.
 F = Levels seen in this place.
 G = Mean time per level.
                   A        B        C        D        E       F      G
               +--------+--------+--------+--------+--------+-----+--------+
         Total |   2427 |   2396 |     31 |    674 |   1388 |   3 |  809.0 |
       Dungeon |   2427 |   2396 |     31 |    674 |   1388 |   3 |  809.0 |
               +--------+--------+--------+--------+--------+-----+--------+

Top non-repeatable levels by time:
     D:1: 995 daAuts
     D:2: 814 daAuts
     D:3: 617 daAuts
